 Dungeon Crawl Stone Soup version 0.32-a0-30-gefbe487952 (webtiles) character file.

Game seed: 10822834997874534256

32 anacleto the Changeling (level 3, 0/33 HPs)
             Began as a Troll Shapeshifter on Jan 20, 2024.
             Slain by Sigmund
             ... wielding a +0 scythe
              (10 damage)
             ... on level 2 of the Dungeon.
             The game lasted 00:02:17 (712 turns).

anacleto the Changeling (Troll Shapeshifter)         Turns: 712, Time: 00:02:17

Health: 0/33       AC:  5    Str: 21 (24) XL:     3   Next: 8%
Magic:  2/2        EV:  9    Int:  3 (6)  God:
Gold:   93         SH:  0    Dex:  8 (9)  Spells: 2/2 levels left

rFire   . .          .
                       - Unarmed
rCold   . . .        (no shield)
rNeg    . . .        a - +1 animal skin
rPois   .            (helmet currently unavailable)
rElec   .            (cloak currently unavailable)
rCorr   .            (gloves unavailable)
SInv    .            (boots unavailable)
Will    .....        (no amulet)
Stlth   +            (no ring)
HPRegen 1.05/turn    (no ring)
MPRegen 0.08/turn

%: no passive effects
@: beast-form
A: beast (slay +1), large, unfitting armour, claws 3, regeneration 1, shaggy fur
1, tough skin 1
a: Begin Untransformation


You were on level 2 of the Dungeon.
You were a hulking beast.
You visited 1 branch of the dungeon, and saw 2 of its levels.

You collected 93 gold pieces.

Inventory:

Armour
 a - a +1 animal skin (worn)
Talismans
 c - a beast talisman
 d - a flux talisman
Scrolls
 f - a scroll of enchant weapon
 h - a scroll of teleportation


   Skills:
 + Level 1.2 Fighting
 + Level 1.9 Dodging
 + Level 3.2 Unarmed Combat
 * Level 3.4 Shapeshifting


You had 2 spell levels left.
You didn't know any spells.
Your spell library contained the following spells:

 Spells                   Type           Power      Damage    Failure   Level
 Mercury Vapours          Alch/Air       0%         N/A       67%         2
 Mephitic Cloud           Conj/Alch/Air  0%         N/A       88%         3
 Freezing Cloud           Conj/Ice/Air   0%         6-21      100%        5


Dungeon Overview and Level Annotations

Branches:
Dungeon (2/15)

Altars:

Annotations:
D:2 Sigmund


Innate Abilities, Weirdness & Mutations

You are a hulking beast.
Your limbs bulge with bestial killing power. (Slay +1)
You are too large for most types of armour.
You have claws for hands.
Your natural rate of healing is unusually fast.
You are covered in fur. (AC +1)
You have tough skin. (AC +1)


Message History

There is a strange disturbance nearby!
Something hits you. Something hits you but does no damage.
Something hits you but does no damage. Something hits you. Something hits you.
Something hits you but does no damage. Something hits you but does no damage.
Your transformation is almost over.
Something hits you but does no damage. Something hits you!
Something hits you but does no damage. Something hits you but does no damage.
Something hits you but does no damage.
You hear some strange, mumbled words.
You are confused.
Something hits you but does no damage.
You feel less wooden.
Your +1 animal skin unmelds from your body.
You turn into a hulking beast.
You're too confused to move!
Sigmund appears from thin air!
Reactivating autopickup.
Sigmund closely misses you. Sigmund attacks as he pursues you!
Sigmund hits you from afar with a +0 scythe.
Sigmund hits you with a +0 scythe!
You closely miss Sigmund.
You feel less confused. Sigmund hits you with a +0 scythe.
You closely miss Sigmund. You closely miss Sigmund.
Sigmund hits you with a +0 scythe!
* * * LOW HITPOINT WARNING * * *
You closely miss Sigmund. You closely miss Sigmund. Sigmund barely misses you.
You closely miss Sigmund. Sigmund hits you with a +0 scythe.
* * * LOW HITPOINT WARNING * * *
You barely miss Sigmund. You barely miss Sigmund.
Sigmund hits you with a +0 scythe!
You die...
Sigmund begins carving another notch in his scythe.

... #.....#####......
...# ######...........
....####### #....##.....
...[......# #........†#.
........####......#.#..
..................†.#.#..
....##.##.........#......
##.........##....###....
#......h#.###...)# #....
...#...##@.##.....# .....
.....#........#.#.# .###
...........####.#.#
............ .....
#......#.....
#...(..##.#... ......


You could see Sigmund.

Vanquished Creatures
  An adder (D:2)
  A dart slug (D:1)
  A ribbon worm (D:2)
  2 endoplasms (D:1)
  A giant cockroach (D:1)
  A goblin (D:1)
  A hobgoblin (D:1)
  4 ball pythons
  4 bats (D:1)
  A frilled lizard (D:1)
  A kobold (D:1)
  2 rats
20 creatures vanquished.

Notes
Turn   | Place    | Note
-------+----------+-------------------------------------------
     0 | D:1      | anacleto the Troll Shapeshifter began the quest for the
                  | Orb.
     0 | D:1      | Reached XP level 1. HP: 18/18 MP: 0/0
   217 | D:1      | Reached skill level 1 in Fighting
   256 | D:1      | Reached XP level 2. HP: 27/27 MP: 1/1
   620 | D:2      | Reached XP level 3. HP: 32/33 MP: 2/2
   664 | D:2      | Noticed Sigmund
   712 | D:2      | Slain by Sigmund

Illustrated notes

Levels and vault maps discovered:
D:1:      minmay_arrival_jagged, layout_basic
D:2:      layout_rooms, ebering_ecumenical_altar_sacrificial, uniq_sigmund,
          uniq_jessica

Skill      XL: |  1 |
---------------+----+-----
Fighting       | 1 |  1.2
Dodging        | |  1.9
Unarmed Combat | |  3.2
Shapeshifting  | |  3.4

Action                     || total
---------------------------++-------
  Melee: Unarmed           ||    47
    Use: Scroll            ||     3
         Potion            ||     2
 Armour: Animal skin       ||    42
         Skin              ||    23
  Dodge: Dodged            ||    24

Table legend: (Time is in decaauts)
 A = Elapsed time spent in this place.
 B = Non-inter-level travel time spent in this place.
 C = Inter-level travel time spent in this place.
 D = Time resting spent in this place.
 E = Time spent auto-exploring this place.
 F = Levels seen in this place.
 G = Mean time per level.
                   A        B        C        D        E       F      G
               +--------+--------+--------+--------+--------+-----+--------+
         Total |    708 |    688 |     20 |      0 |    483 |   2 |  354.0 |
       Dungeon |    708 |    688 |     20 |      0 |    483 |   2 |  354.0 |
               +--------+--------+--------+--------+--------+-----+--------+

Top non-repeatable levels by time:
     D:1: 599 daAuts
     D:2: 108 daAuts
